 Dungeon Crawl Stone Soup version 0.31-a0-1611-g890cdf5628 (webtiles) character file.

Game seed: 4494953358023890573

39364 jlumianski the Grappler (level 14, -25/108 HPs)
             Began as a Gnoll Shapeshifter on Jan 8, 2024.
             Was a High Priest of Wu Jian.
             Killed from afar by a frost giant (38 damage)
             ... with a bolt of cold
             ... in an ice cave.
             The game lasted 02:31:29 (21609 turns).

jlumianski the Grappler (Gnoll Shapeshifter)       Turns: 21609, Time: 02:31:30

Health: -25/108    AC:  9    Str: 16    XL:     14   Next: 6%
Magic:  20/27      EV: 25    Int: 11    God:    Wu Jian [*****.]
Gold:   1451       SH:  5    Dex: 25    Spells: 16/31 levels left

rFire   . .          .
                       - Unarmed
rCold   . . .        (shield currently unavailable)
rNeg    . . .        a - melded +0 animal skin
rPois   .            t - +2 helmet
rElec   .            y - +1 cloak
rCorr   .            B - +1 pair of gloves
SInv    .            g - +0 pair of boots
Will    +....        Q - amulet of reflection
Stlth   ++           j - +6 ring of dexterity
HPRegen 0.38/turn    l - +6 ring of dexterity
MPRegen 0.20/turn

%: reflection
@: about to teleport, flux-form, glowing
A: glow, contaminating, fangs 1, strong nose, distributed training
a: Begin Untransformation, Renounce Religion, Wall Jump, Serpent's Lash,
Heavenly Storm


You were in an ice cave.
You worshipped Wu Jian.
Wu Jian was extremely pleased with you.
You were something dangerously unstable.
You visited 4 branches of the dungeon, and saw 18 of its levels.
You also visited: Ice Cave.

You collected 1915 gold pieces.
You spent 464 gold pieces at shops.

Inventory:

Hand Weapons
 n - a +4 rapier
Missiles
 m - 29 poisoned darts
 v - 5 boomerangs (quivered)
Armour
 a - a +0 animal skin (melded)
 g - a +0 pair of boots (worn)
 k - a +8 chain mail of ponderousness
 t - a +2 helmet (worn)
 y - a +1 cloak (worn)
 B - a +1 pair of gloves (worn)
 C - the orb of the Learner {light, Harm Will+}
   (You found it on level 14 of the Dungeon)

   Will+:     It increases your willpower.
   Harm:      It increases damage dealt and taken.
 D - a +0 cloak of preservation
Magical Staves
 A - a staff of air
Jewellery
 j - a +6 ring of dexterity (left hand)
 l - a +6 ring of dexterity (right hand)
 s - a ring of see invisible
 u - an amulet of faith
 Q - an amulet of reflection (around neck)
Talismans
 d - a flux talisman (active)
Wands
 c - a wand of acid (10)
 G - a wand of iceblast (6)
 H - a wand of polymorph (4)
 T - a wand of flame (14)
Scrolls
 e - 2 scrolls of silence
 f - 3 scrolls of fear
 i - 5 scrolls of teleportation
 p - a scroll of butterflies
 w - 4 scrolls of identify
 x - a scroll of poison
 E - a scroll of blinking
 I - a scroll of enchant weapon
Potions
 b - 3 potions of lignification
 h - a potion of enlightenment
 o - a potion of brilliance
 q - 2 potions of cancellation
 r - a potion of might
 z - 4 potions of curing
 F - a potion of haste
 K - a potion of attraction


   Skills:
 + Level 9.6 Fighting
 + Level 9.2 Short Blades
 + Level 9.2 Long Blades
 + Level 9.2 Axes
 + Level 9.2 Maces & Flails
 + Level 9.2 Polearms
 + Level 9.2 Staves
 + Level 9.2 Ranged Weapons
 + Level 9.2 Throwing
 + Level 9.2 Armour
 + Level 10.3 Dodging
 + Level 9.2 Stealth
 + Level 9.2 Shields
 + Level 11.2 Unarmed Combat
 + Level 9.2 Spellcasting
 + Level 7.6 Conjurations
 + Level 7.6 Hexes
 + Level 7.6 Summonings
 + Level 7.6 Necromancy
 + Level 7.6 Translocations
 + Level 7.6 Fire Magic
 + Level 7.6 Ice Magic
 + Level 7.6 Air Magic
 + Level 7.6 Earth Magic
 + Level 7.6 Alchemy
 + Level 10.0 Invocations
 + Level 9.2 Evocations
 + Level 10.6 Shapeshifting


You had 16 spell levels left.
You knew the following spells:

 Your Spells              Type           Power      Damage    Failure   Level
a - Sting                 Conj/Alch      84%        1d8       1%          1
b - Summon Small Mammal   Summ           84%        N/A       1%          1
c - Summon Ice Beast      Ice/Summ       21%        N/A       1%          3
d - Frozen Ramparts       Ice            42%        1d7       1%          3
e - Stone Arrow           Conj/Erth      42%        3d9       1%          3
f - Brom's Barrelling Bo  Conj/Erth      21%        2d4       6%          4

Your spell library contained the following spells:

 Spells                   Type           Power      Damage    Failure   Level
 Apportation              Tloc           42%        N/A       1%          1
 Freeze                   Ice            84%        1d9       1%          1
 Necrotise                Necr           84%        1d8       1%          1
 Sandblast                Erth           42%        2d11      1%          1
 Jinxbite                 Hex            42%        N/A       1%          2
 Gell's Gravitas          Tloc           21%        N/A       1%          3
 Hailstorm                Conj/Ice       21%        3d7       1%          3
 Inner Flame              Hex/Fire       21%        N/A       1%          3
 Passwall                 Erth           21%        N/A       1%          3
 Teleport Other           Tloc           21%        N/A       1%          3
 Tukima's Dance           Hex            21%        N/A       1%          3
 Flame Wave               Conj/Fire      21%        2d8       6%          4
 Passage of Golubria      Tloc           21%        N/A       6%          4
 Sticky Flame             Fire/Alch      21%        2d6       6%          4
 Summon Mana Viper        Hex/Summ       21%        N/A       17%         5
 Yara's Violent Unravell  Hex/Alch       10%        3d6       17%         5
 Dispersal                Tloc           10%        N/A       67%         6
 Sculpt Simulacrum        Ice/Alch       10%        N/A       67%         6
 Enfeeble                 Hex            10%        N/A       99%         7
 Monstrous Menagerie      Summ           10%        N/A       99%         7
 Ozocubu's Refrigeration  Ice            10%        4d9       99%         7


Dungeon Overview and Level Annotations

Branches:
Dungeon (14/15)            Temple (1/1) D:5            Lair (1/5) D:10
    Orc (2/2) D:10            Elf (0/3) Orc:2         IceCv (1/1)
 Vaults: D:13-14

Altars:
Ashenzari
Cheibriados
Dithmenos
Elyvilon
Fedhas
Gozag
Hepliaklqana
Kikubaaqudgha
Makhleb
Nemelex Xobeh
Okawaru
Qazlal
Ru
Sif Muna
Trog
Uskayaw
Vehumet
Wu Jian
Xom
Yredelemnul
Zin
The Shining One

Shops:
D:6 *   D:7 [   D:10 [(   Orc:2 (=**


Innate Abilities, Weirdness & Mutations

You are something dangerously unstable.
You glow with magical radiation, making you easy to see and hit.
Foes you strike become dangerously contaminated with magical radiation.
You are incapable of wielding weapons or throwing items.
You have very sharp teeth.
Your uncanny sense of smell can sniff out nearby items.
Your experience applies equally to all skills.


Message History

The frost giant points at you and mumbles some strange words.
The bolt of cold hits your ice beast.
Your ice beast completely resists.
The bolt of cold hits you!!
Casting: Summon Ice Beast (safe; 1% risk of failure)
Confirm with . or Enter, or press ? or * to list all spells.
Aiming: Brom's Barrelling Boulder (dangerous; 6% risk of failure)
Press: ? - help, Dir - move target You send a boulder barrelling forward!
The frost giant casts a spell at you. The bolt of cold hits your ice beast.
Your ice beast completely resists.
The bolt of cold hits your boulder!!
Your boulder resists.
The bolt of cold hits you!!
The frost giant hits your ice beast with a +1 battleaxe of freezing!
Your ice beast barely misses the frost giant.
The frost giant hits your ice beast with a +1 battleaxe of freezing!!
Your ice beast dies!
Your ice beast disappears in a puff of smoke!
The frost giant hits your boulder with a +1 battleaxe of freezing!!
The frost giant freezes your boulder.
Your boulder is destroyed!
Casting: Brom's Barrelling Boulder (dangerous; 6% risk of failure)
Confirm with . or Enter, or press ? or * to list all spells.
Aiming: Brom's Barrelling Boulder (dangerous; 6% risk of failure)
Press: ? - help, Dir - move target You send a boulder barrelling forward!
The frost giant gestures at you while chanting.
The bolt of cold hits you!!!
* * * LOW HITPOINT WARNING * * *
Okay, then.
Okay, then.
As you read the scroll of teleportation, it crumbles to dust.
You feel strangely unstable.
Your boulder slams into a wall and explodes!
You hear a bellow! x3; You hear an angry growl.
The frost giant points at you and mumbles some strange words.
The bolt of cold hits you!!!
You die...

### #)∆∆∆ ##.# .$∆∆∆
#..##### h###∆
###....### Y..##
###....#.p.## ....#
##.....####..###Ch.#
###.....#####○.##..Y#
##....######.°C##YY###
##....## #.§○..###k.##
##...###
##.○)#.#.##.##
#..#########
######.###..#
##.÷÷##....###
######..#
####....#...###
#..#.§.##


You could see a frost giant.

Vanquished Creatures
  An ettin (Orc:2)
  A boulder beetle (D:11)
  2 death yaks (IceCv)
  3 two-headed ogres
  A tengu warrior (D:10)
  Nergalle (D:12)
  A harpy (shapeshifter) (D:10)
  2 deep elf archers (D:10)
  8 orc knights
  4 orc sorcerers
  2 deep elf pyromancers (D:10)
  Maurice (D:7)
  2 cyclopes
  3 kobold blastminers
  Joseph (D:7)
  An ice statue (IceCv)
  2 cane toads
  An unseen horror (shapeshifter) (D:10)
  A komodo dragon (D:10)
  2 rime drakes
  9 polar bears
  3 trolls
  5 saltlings (Orc:2)
  Sigmund (D:3)
  A shadow (D:11)
  6 fire bats (D:10)
  3 wraiths
  16 yaks
  4 wargs
  A vampire mosquito (D:11)
  A basilisk (shapeshifter) (D:10)
  Edmund (D:6)
  An acid dragon (D:11)
  8 water moccasins
  13 orc warriors
  2 sky beasts
  A sky beast (shapeshifter) (D:10)
  A black bear (D:6)
  2 ice beasts (D:10)
  19 wolves
  5 centaurs
  9 ogres
  A phantom (D:7)
  5 kobold brigands
  3 bullfrogs
  3 gnoll sergeants (D:8)
  A scorpion (D:5)
  3 wights (D:8)
  9 killer bees
  4 howler monkeys
  3 hounds
  A jelly (D:6)
  6 orc priests
  Crazy Yiuf (D:2)
  2 gnoll boudas
  2 iguanas
  Natasha (thrice) (D:4)
  17 orc wizards
  21 gnolls
  11 adders
  3 shadow imps
  A white imp (D:6)
  4 ufetubi
  4 dart slugs
  2 ribbon worms
  34 orcs
  2 bats
  4 endoplasms
  7 giant cockroaches
  8 goblins
  7 hobgoblins
  7 jackals (D:1)
  24 kobolds
  2 quokkas
  3 ball pythons
  2 frilled lizards
  5 rats
  A butterfly (D:5)
368 creatures vanquished.

Vanquished Creatures (collateral kills)
  An ettin (Orc:1)
  A death yak (IceCv)
  An orc high priest (Orc:2)
  A deep elf archer (D:10)
  3 orc knights
  2 orc sorcerers
  A troll (D:11)
  A polar bear (IceCv)
  A fire bat (D:10)
  3 wargs
  A vampire mosquito (D:11)
  3 orc warriors (Orc:2)
  2 wolves
  A howler monkey (D:11)
  An orc priest (D:10)
  An orc wizard (D:10)
  4 orcs
  A kobold (D:11)
  7 boulders
36 creatures vanquished.

Vanquished Creatures (others)
  An orc priest (Orc:1)
  9 boulders
10 creatures vanquished.

Grand Total: 414 creatures vanquished

Notes
Turn   | Place    | Note
-------+----------+-------------------------------------------
     0 | D:1      | jlumianski the Gnoll Shapeshifter began the quest for the
                  | Orb.
     0 | D:1      | Reached XP level 1. HP: 17/17 MP: 1/1
    58 | D:1      | Reached XP level 2. HP: 23/23 MP: 2/2
   206 | D:1      | Reached XP level 3. HP: 28/28 MP: 2/4
   270 | D:1      | Found a faded altar of an unknown god.
   283 | D:1      | Reached skill level 1 in Invocations
   731 | D:2      | Reached skill level 1 in Short Blades
   731 | D:2      | Reached skill level 1 in Long Blades
   731 | D:2      | Reached skill level 1 in Axes
   731 | D:2      | Reached skill level 1 in Maces & Flails
   731 | D:2      | Reached skill level 1 in Polearms
   731 | D:2      | Reached skill level 1 in Staves
   731 | D:2      | Reached skill level 1 in Ranged Weapons
   731 | D:2      | Reached skill level 1 in Throwing
   731 | D:2      | Reached skill level 1 in Armour
   731 | D:2      | Reached skill level 1 in Stealth
   731 | D:2      | Reached skill level 1 in Shields
   731 | D:2      | Reached skill level 1 in Spellcasting
   731 | D:2      | Reached skill level 1 in Evocations
   750 | D:2      | Reached XP level 4. HP: 34/34 MP: 5/5
  1210 | D:2      | Found a burning altar of Makhleb.
  1252 | D:2      | Reached skill level 1 in Conjurations
  1252 | D:2      | Reached skill level 1 in Hexes
  1252 | D:2      | Reached skill level 1 in Summonings
  1252 | D:2      | Reached skill level 1 in Necromancy
  1252 | D:2      | Reached skill level 1 in Translocations
  1252 | D:2      | Reached skill level 1 in Fire Magic
  1252 | D:2      | Reached skill level 1 in Ice Magic
  1252 | D:2      | Reached skill level 1 in Air Magic
  1252 | D:2      | Reached skill level 1 in Earth Magic
  1252 | D:2      | Reached skill level 1 in Alchemy
  1271 | D:2      | Found a runed translucent door.
  1272 | D:2      | Noticed Crazy Yiuf
  1639 | D:2      | Killed Crazy Yiuf
  1640 | D:2      | Reached XP level 5. HP: 37/40 MP: 5/7
  1988 | D:3      | Found an opulent altar of Gozag.
  1991 | D:3      | Found a hazy altar of Hepliaklqana.
  1992 | D:3      | Found a sparkling altar of Nemelex Xobeh.
  1992 | D:3      | Found a burning altar of Makhleb.
  1993 | D:3      | Found a radiant altar of Vehumet.
  1998 | D:3      | Found a glowing silver altar of Zin.
  2075 | D:3      | Found a broken altar of Ashenzari.
  2138 | D:3      | Noticed Sigmund
  2145 | D:3      | Killed Sigmund
  2146 | D:3      | Reached skill level 5 in Dodging
  2146 | D:3      | Reached XP level 6. HP: 46/47 MP: 7/9
  2442 | D:5      | Entered Level 5 of the Dungeon
  2641 | D:6      | Reached skill level 7 in Unarmed Combat
  2641 | D:6      | Reached XP level 7. HP: 44/52 MP: 10/10
  2740 | D:6      | Found a glowing golden altar of the Shining One.
  2797 | D:5      | Found a staircase to the Ecumenical Temple.
  2822 | Temple   | Entered the Ecumenical Temple
  2839 | Temple   | Became a worshipper of the Wu Jian Council
  2905 | D:4      | Noticed Natasha
  2911 | D:4      | Killed Natasha
  2917 | D:4      | Noticed Natasha
  2923 | D:4      | Killed Natasha
  3366 | D:4      | Learned a level 1 spell: Sting
  3495 | D:4      | Noticed Natasha
  3499 | D:4      | Killed Natasha
  3851 | D:5      | Reached XP level 8. HP: 59/60 MP: 12/12
  3857 | D:5      | Reached * piety under Wu Jian
  4414 | D:7      | Found a stormy altar of Qazlal.
  4476 | D:7      | Learned a level 1 spell: Summon Small Mammal
  4737 | D:6      | Found Huefetit's Neck Hole.
  4875 | D:6      | Noticed Edmund
  5107 | D:6      | Reached XP level 9. HP: 67/67 MP: 12/15
  5129 | D:6      | Killed Edmund
  5129 | D:6      | Reached ** piety under Wu Jian
  5191 | D:6      | Found a basalt altar of Yredelemnul.
  5450 | D:7      | Noticed Joseph
  5464 | D:7      | Reached skill level 5 in Fighting
  5469 | D:7      | Killed Joseph
  5470 | D:7      | Reached skill level 8 in Unarmed Combat
  5767 | D:7      | Found Redwasheth's Armour Boutique.
  5868 | D:7      | Reached skill level 5 in Invocations
  6566 | D:8      | Noticed Maurice
  6768 | D:8      | Maurice stole a +3 quarterstaff of chaos
  6768 | D:8      | Maurice stole a beast talisman
  6771 | D:7      | Maurice stole a +6 ring of dexterity
  6771 | D:7      | Maurice stole 3 boomerangs
  6777 | D:7      | Maurice stole 244 gold
  6783 | D:7      | Maurice stole 83 gold
  6786 | D:7      | Killed Maurice
  6995 | D:7      | Reached skill level 5 in Short Blades
  6995 | D:7      | Reached skill level 5 in Long Blades
  6995 | D:7      | Reached skill level 5 in Axes
  6995 | D:7      | Reached skill level 5 in Maces & Flails
  6995 | D:7      | Reached skill level 5 in Polearms
  6995 | D:7      | Reached skill level 5 in Staves
  6995 | D:7      | Reached skill level 5 in Ranged Weapons
  6995 | D:7      | Reached skill level 5 in Throwing
  6995 | D:7      | Reached skill level 5 in Armour
  6995 | D:7      | Reached skill level 5 in Stealth
  6995 | D:7      | Reached skill level 5 in Shields
  6995 | D:7      | Reached skill level 5 in Spellcasting
  6995 | D:7      | Reached skill level 5 in Evocations
  6995 | D:7      | Reached XP level 10. HP: 67/76 MP: 17/17
  7450 | D:8      | Found a bloodstained altar of Trog.
  8476 | D:10     | Entered Level 10 of the Dungeon
  8844 | D:9      | Learned a level 3 spell: Summon Ice Beast
  8860 | D:10     | Found a staircase to the Lair.
  9029 | D:10     | Noticed a tengu warrior
  9072 | D:10     | Learned a level 3 spell: Frozen Ramparts
  9115 | D:9      | Noticed a two-headed ogre
  9131 | D:9      | Killed a two-headed ogre
  9227 | D:9      | Learned a level 3 spell: Stone Arrow
  9822 | D:10     | Noticed an orc knight
 10092 | D:9      | Killed an orc knight
 10139 | D:10     | Found a hide-covered altar of Uskayaw.
 10146 | D:10     | Found Kuitrosmao's Armour Shoppe.
 10148 | D:10     | Found a staircase to the Orcish Mines.
 10150 | D:10     | Found Gaihi's Weapon Shoppe.
 10238 | D:10     | Reached skill level 9 in Unarmed Combat
 10543 | D:11     | Noticed a cyclops
 10547 | D:11     | Killed a cyclops
 10548 | D:11     | Reached skill level 5 in Conjurations
 10548 | D:11     | Reached skill level 5 in Hexes
 10548 | D:11     | Reached skill level 5 in Summonings
 10548 | D:11     | Reached skill level 5 in Necromancy
 10548 | D:11     | Reached skill level 5 in Translocations
 10548 | D:11     | Reached skill level 5 in Fire Magic
 10548 | D:11     | Reached skill level 5 in Ice Magic
 10548 | D:11     | Reached skill level 5 in Air Magic
 10548 | D:11     | Reached skill level 5 in Earth Magic
 10548 | D:11     | Reached skill level 5 in Alchemy
 10548 | D:11     | Reached XP level 11. HP: 83/83 MP: 18/20
 10752 | D:10     | Killed a tengu warrior
 10918 | D:10     | Reached *** piety under Wu Jian
 11068 | D:10     | Noticed a deep elf pyromancer
 11077 | D:10     | Killed a deep elf pyromancer
 11150 | D:10     | Noticed a deep elf archer
 11206 | D:10     | Killed a deep elf archer
 11271 | D:10     | Noticed a deep elf archer
 11271 | D:10     | Noticed a deep elf archer
 11281 | D:10     | Killed a deep elf archer
 11296 | D:10     | Killed a deep elf archer
 11609 | D:10     | Noticed a deep elf pyromancer
 11609 | D:10     | Noticed a harpy
 11613 | D:10     | Killed a harpy
 11616 | D:10     | Killed a deep elf pyromancer
 11813 | D:10     | Noticed an entropy weaver
 12182 | D:11     | You fall into a shaft and drop 3 floors!
 12222 | D:14     | Noticed a skeletal warrior
 12240 | D:14     | Noticed a skeletal warrior
 12242 | D:14     | Noticed a skeletal warrior
 12244 | D:14     | Noticed a manticore
 12280 | D:14     | Identified the orb of the Learner {light, Harm Will+}
 12606 | D:12     | Noticed Nergalle
 12831 | D:11     | Reached XP level 12. HP: 73/91 MP: 20/22
 12911 | D:11     | Noticed a two-headed ogre
 12919 | D:11     | Killed a two-headed ogre
 13197 | D:11     | Noticed a boulder beetle
 13214 | D:11     | Killed a boulder beetle
 13491 | D:12     | Killed Nergalle
 13550 | D:12     | Reached **** piety under Wu Jian
 13631 | Orc:1    | Entered Level 1 of the Orcish Mines
 13645 | D:10     | Reached skill level 10 in Unarmed Combat
 13950 | Orc:1    | Noticed an ettin
 13957 | Orc:1    | Killed an ettin
 14143 | Orc:2    | Entered Level 2 of the Orcish Mines
 14150 | Orc:2    | Found a staircase to the Elven Halls.
 14223 | Orc:2    | Paralysed by an orc sorcerer for 4 turns
 14471 | Orc:2    | Paralysed by an orc sorcerer for 5 turns
 15698 | Orc:1    | Noticed an ettin
 16016 | Orc:2    | Reached ***** piety under Wu Jian
 17414 | Orc:2    | Learned a level 4 spell: Brom's Barrelling Boulder
 17469 | Orc:2    | Reached skill level 10 in Shapeshifting
 17469 | Orc:2    | Reached XP level 13. HP: 66/99 MP: 23/25
 18179 | Orc:2    | Found Naschagau's Weapon Shop.
 18919 | Orc:2    | Noticed an ettin
 19092 | Orc:2    | Killed an ettin
 19803 | Orc:2    | Found Xuefut's General Store.
 19811 | Orc:2    | Bought a scroll of identify for 30 gold pieces
 19811 | Orc:2    | Bought a scroll of teleportation for 45 gold pieces
 19828 | Orc:2    | Found Maceergh's Jewellery Boutique.
 19830 | Orc:2    | Found Nasus's General Store.
 19840 | Orc:2    | Bought a +0 cloak of preservation for 149 gold pieces
 19840 | Orc:2    | Bought 3 scrolls of teleportation for 117 gold pieces
 19840 | Orc:2    | Bought a scroll of blinking for 97 gold pieces
 19840 | Orc:2    | Bought a scroll of identify for 26 gold pieces
 19845 | Orc:2    | Upgraded the game from 0.31-a0-1603-gbec6b6ccbf to
                  | 0.31-a0-1611-g890cdf5628
 19961 | Lair:1   | Entered Level 1 of the Lair of Beasts
 20097 | Lair:1   | Found a frozen archway.
 20127 | IceCv    | Entered an ice cave
 20356 | IceCv    | Reached skill level 10 in Dodging
 20356 | IceCv    | Reached skill level 11 in Unarmed Combat
 21289 | IceCv    | Reached XP level 14. HP: 75/108 MP: 21/27
 21307 | IceCv    | Reached skill level 10 in Invocations
 21420 | IceCv    | Got the Papyrus of Chilblains
 21428 | IceCv    | Noticed a frost giant
 21609 | IceCv    | Killed from afar by a frost giant

Illustrated notes

Levels and vault maps discovered:
D:1:      lightli_arrival_statuegarden, layout_basic,
          hellmonk_ecumenical_altar_crossroads, minmay_misc_feat_secret_circle
D:2:      layout_loops_ring, basic_altar, uniq_crazy_yiuf_cottage
D:3:      layout_loops_ring, old_standard_altar, grunt_temple_overflow_open,
          kennysheep_cross_bottleneck, uniq_sigmund
D:4:      layout_basic, uniq_natasha
D:5:      layout_basic, minmay_temple_entry_butterflies, chequers_garden,
          grunt_ministairs_10
D:6:      layout_basic, tso_metal_star, mainiacjoe_overflow_small_starburst,
          nicolae_shop_sticking_my_neck_out, uniq_edmund
D:7:      layout_loops_corners, nicolae_qazlal_scattered_showers, serial_shops,
          nicolae_shop_scrapyard, uniq_joseph
D:8:      layout_basic, trog_three_pillars_becter, kennysheep_generic_room_11,
          uniq_maurice
D:9:      layout_gridville
D:10:     dpeg_index_elf_rogue_hall, layout_stronghold,
          mainiacjoe_overflow_chevrons, dpeg_oklobed_lair, orc_david_3,
          serial_bayou_pond_e
D:11:     layout_loops_cross
D:12:     layout_loops_corners, nicolae_doodle_vault, uniq_nergalle
D:13:     orc_temple, layout_loops_ring, minmay_increasing_density
D:14:     layout_loops_corners, erik_vaults_1, lightli_elemental_guards
Temple:   chequers_temple_sunken
Lair:1:   layout_misc_corridors, portal_ice_cave_entry_pillars_2,
          chequers_serial_rivers_large_a
Orc:1:    layout_caves
Orc:2:    hellmonk_orc_salted, layout_diamond_mine
IceCv:    ice_cave_caverns_01

Skill      XL: |  1  2  3  4  5  6  7  8  9 10 11 12 13 14 |
---------------+-------------------------------------------+-----
Invocations    | 1 2 3 4 5 6 7 8 9 10 | 10.0
Short Blades   | 1 2 3 4 5 6 7 8 9 |  9.2
Long Blades    | 1 2 3 4 5 6 7 8 9 |  9.2
Axes           | 1 2 3 4 5 6 7 8 9 |  9.2
Maces & Flails | 1 2 3 4 5 6 7 8 9 |  9.2
Polearms       | 1 2 3 4 5 6 7 8 9 |  9.2
Staves         | 1 2 3 4 5 6 7 8 9 |  9.2
Ranged Weapons | 1 2 3 4 5 6 7 8 9 |  9.2
Throwing       | 1 2 3 4 5 6 7 8 9 |  9.2
Armour         | 1 2 3 4 5 6 7 8 9 |  9.2
Stealth        | 1 2 3 4 5 6 7 8 9 |  9.2
Shields        | 1 2 3 4 5 6 7 8 9 |  9.2
Spellcasting   | 1 2 3 4 5 6 7 8 9 |  9.2
Evocations     | 1 2 3 4 5 6 7 8 9 |  9.2
Conjurations   | 1 2 3 4 5 6 7 |  7.6
Hexes          | 1 2 3 4 5 6 7 |  7.6
Summonings     | 1 2 3 4 5 6 7 |  7.6
Necromancy     | 1 2 3 4 5 6 7 |  7.6
Translocations | 1 2 3 4 5 6 7 |  7.6
Fire Magic     | 1 2 3 4 5 6 7 |  7.6
Ice Magic      | 1 2 3 4 5 6 7 |  7.6
Air Magic      | 1 2 3 4 5 6 7 |  7.6
Earth Magic    | 1 2 3 4 5 6 7 |  7.6
Alchemy        | 1 2 3 4 5 6 7 |  7.6
Fighting       | 3 4 5 6 7 8 9 |  9.6
Dodging        | 5 6 7 8 9 10 | 10.3
Unarmed Combat | 7 8 9 10 11 | 11.2
Shapeshifting  | 7 8 9 10 | 10.6

Action                     |  1- 3 |  4- 6 |  7- 9 | 10-12 | 13-15 || total
---------------------------+-------+-------+-------+-------+-------++-------
  Melee: Unarmed           |    67 |    95 |   315 |   768 |   440 ||  1685
         Punch             |     5 |     1 |       |       |       ||     6
         Bite              |     2 |    11 |    50 |   119 |    72 ||   254
  Throw: Dart              |       |     1 |       |       |       ||     1
         Boomerang         |       |     2 |       |       |       ||     2
   Cast: Sting             |       |       |    15 |     2 |       ||    17
         Summon Small Mamm |       |       |     5 |    36 |     8 ||    49
         Summon Ice Beast  |       |       |       |    57 |    24 ||    81
         Frozen Ramparts   |       |       |       |     2 |       ||     2
         Stone Arrow       |       |       |       |    11 |    14 ||    25
         Brom's Barrelling |       |       |       |       |    24 ||    24
Ability: Lunge             |       |       |    21 |    57 |    11 ||    89
         Whirlwind         |       |       |    18 |    85 |    37 ||   140
         Wall Jump         |       |       |    15 |    72 |    51 ||   138
  Evoke: Wand              |       |       |       |     1 |     1 ||     2
    Use: Scroll            |       |     5 |    11 |    14 |     4 ||    34
         Potion            |       |     1 |     3 |     3 |     1 ||     8
   Stab: Sleeping          |     3 |     5 |     3 |       |     1 ||    12
         Distracted        |       |       |     1 |     5 |     2 ||     8
 Armour: Animal skin       |    27 |     9 |       |       |       ||    36
         Skin              |       |    12 |    89 |   259 |   117 ||   477
  Dodge: Dodged            |    62 |    61 |   330 |   683 |   358 ||  1494
  Block: Other             |       |       |       |   128 |    84 ||   212
         Reflection        |       |       |       |    14 |       ||    14
   Form: Flux              |       |     1 |       |       |       ||     1

Table legend: (Time is in decaauts)
 A = Elapsed time spent in this place.
 B = Non-inter-level travel time spent in this place.
 C = Inter-level travel time spent in this place.
 D = Time resting spent in this place.
 E = Time spent auto-exploring this place.
 F = Levels seen in this place.
 G = Mean time per level.
                   A        B        C        D        E       F      G
               +--------+--------+--------+--------+--------+-----+--------+
         Total |  21744 |  21006 |    738 |   5044 |   7202 |  19 | 1144.4 |
       Dungeon |  14072 |  13423 |    649 |   1978 |   6013 |  14 | 1005.1 |
        Temple |     44 |     44 |      0 |      0 |      0 |   1 |   44.0 |
          Lair |    139 |    139 |      0 |      0 |      0 |   1 |  139.0 |
  Orcish Mines |   5993 |   5905 |     88 |   2415 |   1046 |   2 | 2996.5 |
      Ice Cave |   1495 |   1495 |      0 |    651 |    143 |   1 | 1495.0 |
               +--------+--------+--------+--------+--------+-----+--------+

Top non-repeatable levels by time:
   Orc:2: 3579 daAuts
    D:10: 3011 daAuts
   Orc:1: 2414 daAuts
     D:7: 1818 daAuts
     D:9: 1523 daAuts
   IceCv: 1495 daAuts
     D:8: 1259 daAuts
     D:5: 999 daAuts
     D:6: 998 daAuts
     D:3: 963 daAuts
    D:11: 945 daAuts
     D:2: 935 daAuts
     D:4: 762 daAuts
     D:1: 520 daAuts
    D:14: 173 daAuts
